AoeStats
← cmd

Arabia

503445868Analyzed
2v2 RM · 1mo ago on Aug 31, 2026· 27m 31s· 4 players
Game mode
Random Map
Map size
Medium (4 player)
Population
200
Speed
Normal
Resources
Standard
Victory
Conquest
Starting age
Dark Age
Ending age
Imperial Age
RankedLock teamsTeams togetherTeam positionsShared explorationLock speedFull tech treeHidden civsTurbo modeCheats
Victory
Defeat
🇩🇪 Shu · Germany
1006
+14
🇩🇪 Franks · Germany
959
+16
🇩🇪 Ethiopians · Germany
983
-16
🇩🇪 Franks · Germany
935
-14
cmd
11:24 Loom
13:19 Feudal Age
19:53 Castle Age
18:24 Scale Barding Armor
18:40 Double-Bit Axe
20:23 Pikeman
26:31 Husbandry
27:19 Chain Barding Armor
helo
8:16 Loom
10:56 Feudal Age
11:00 Man-at-Arms
12:04 Double-Bit Axe
13:08 Horse Collar
28:25 Castle Age
P4percut
8:26 Loom
10:45 Feudal Age
12:41 Fletching
13:05 Double-Bit Axe
13:04 Horse Collar
18:21 Wheelbarrow
21:24 Castle Age
19:43 Padded Archer Armor
20:31 Scale Barding Armor
22:26 Thumb Ring
21:41 Crossbowman
22:19 Bodkin Arrow
25:13 Heavy Plow
SemmelTheMan
10:54 Feudal Age
12:26 Wheelbarrow
16:11 Double-Bit Axe
16:17 Loom
18:18 Town Watch
24:29 Castle Age
23:17 Scale Barding Armor
23:23 Forging
24:20 Gold Mining
27:56 Hand Cart
Connection lost

Rejoining the realm…

Still unreachable

The connection could not be restored.

Session expired

The server has moved on; the page needs a fresh start.